 Dungeon Crawl Stone Soup version 0.19.1-1-g22dce08 (webtiles) character file.

317 McKennaii the Gusty (level 6, -4/36 HPs)
             Began as a High Elf Air Elementalist on Jan 12, 2017.
             Was an Initiate of Sif Muna.
             Killed by nerve-wracking pain
             ... invoked by Grinder
              (8 damage)
             ... on level 5 of the Dungeon.
             The game lasted 00:09:15 (3900 turns).

McKennaii the Gusty (High Elf Air Elementalist)     Turns: 3900, Time: 00:09:16

Health: -4/36      AC:  3    Str:  7    XL:     6   Next: 20%
Magic:  12/13      EV: 13    Int: 21    God:    Sif Muna [......]
Gold:   172        SH:  0    Dex: 16    Spells: 3 memorised, 9 levels left

rFire  . . .     SeeInvis .     (no weapon)
rCold  + . .     Gourm    .     a - +0 robe
rNeg   . . .     Faith    .     (no shield)
rPois  .         Spirit   .     (no helmet)
rElec  .         Reflect  .     q - +0 cloak
rCorr  .         Harm     .     (no gloves)
MR     .....                    (no boots)
Stlth  +++.......               h - amulet of magic regeneration
                                z - ring of protection from cold
                                t - ring of stealth

@: repel missiles
A: no striking features
a: Renounce Religion


You were on level 5 of the Dungeon.
You worshipped Sif Muna.
Sif Muna was noncommittal.
You were not hungry.

You visited 1 branch of the dungeon, and saw 5 of its levels.

You collected 172 gold pieces.

Inventory:

Armour
 a - a +0 robe (worn)
 q - a +0 cloak (worn)
Jewellery
 h - an amulet of magic regeneration (around neck)
 t - a ring of stealth (left hand)
 z - a ring of protection from cold (right hand)
Scrolls
 e - 8 scrolls of identify {unknown}
 g - a scroll of recharging {unknown}
 j - 2 scrolls of enchant weapon {unknown}
 l - a scroll of amnesia {unknown}
 p - a scroll of random uselessness {unknown}
 u - a scroll of fog {unknown}
 v - a scroll of noise {unknown}
 x - 2 scrolls of enchant armour {unknown}
Potions
 c - a potion of brilliance {unknown}
 d - a potion of flight {unknown}
 f - 4 potions of curing {unknown}
 i - a potion of degeneration {unknown}
 k - a potion of resistance {unknown}
 m - a potion of magic {unknown}
 n - a potion of haste {unknown}
 r - a potion of heal wounds {unknown}
Books
 b - a book of Air

   Spells                             Type                      Level
   a - Shock                          Conjuration/Air              1
   b - Swiftness                      Charms/Air                   2
   c - Repel Missiles                 Charms/Air                   2
   d - Static Discharge               Conjuration/Air              3
   e - Lightning Bolt                 Conjuration/Air              5
Comestibles
 o - 2 bread rations
 s - 4 fruits
 w - a meat ration


   Skills:
 + Level 2.5 Dodging
 + Level 2.5 Stealth
 + Level 4.5 Spellcasting
 + Level 3.1 Conjurations
 + Level 6.0 Air Magic


You had 9 spell levels left.
You knew the following spells:

 Your Spells              Type           Power        Failure   Level  Hunger
a - Shock                 Conj/Air       ###.         1%          1    None
b - Swiftness             Chrm/Air       ###.....     6%          2    #......
c - Repel Missiles        Chrm/Air       ###...       6%          2    #......


Dungeon Overview and Level Annotations

Branches:
Dungeon (5/15)
 Temple: D:4-7

Altars:
Elyvilon
Hepliaklqana
Sif Muna

Annotations:
D:5 Grinder; cba's ghost, novice OpAs


Message History

Press: ? - help, Shift-Dir - straight line, f - Grinder
Aim: Grinder, carrying a wand of digging {zapped: 1} The zap hits Grinder.
Grinder appears unharmed.
Grinder gestures at you. Pain shoots through your body!
Casting: Shock
Confirm with . or Enter, or press ? or * to list all spells.
Aiming: Shock
Press: ? - help, Shift-Dir - straight line, p - Grinder The zap hits Grinder.
Grinder is lightly wounded.
The zap hits Grinder.
Grinder is lightly wounded.
Grinder hits you.
* * * LOW HITPOINT WARNING * * *
You writhe in agony.
* * * LOW HITPOINT WARNING * * *
Grinder gestures at you. Pain shoots through your body!
You die...

####
#......ยง.
+........
#####........
##...#........
#....#........
#....5........
#....#........
#.<@.#........
+....'........
#.####........
#.# #########
#.# ##


You could see Grinder.

Vanquished Creatures
  Ijyb (D:2)
  An orc wizard (D:3)
  2 worker ants (D:4)
  A hound skeleton (D:4)
  11 adders
  4 worms
  4 dart slugs
  3 leopard geckos
  7 orcs
  A ball python (D:2)
  7 bats
  8 giant cockroaches
  8 goblins
  3 hobgoblins
  5 kobolds
  3 quokkas (D:2)
  5 frilled lizards
  2 leopard gecko skeletons
  3 quokka skeletons
  16 rats
95 creatures vanquished.

Notes
Turn   | Place    | Note
-------+----------+-------------------------------------------
     0 | D:1      | McKennaii the High Elf Air Elementalist began the quest for the Orb.
     0 | D:1      | Reached XP level 1. HP: 11/11 MP: 4/4
   194 | D:1      | Reached XP level 2. HP: 7/17 MP: 1/6
   246 | D:1      | Learned a level 2 spell: Swiftness
   249 | D:1      | Learned a level 2 spell: Repel Missiles
   292 | D:1      | Reached skill level 4 in Air Magic
   675 | D:1      | Reached XP level 3. HP: 20/21 MP: 1/8
  1497 | D:2      | Noticed Ijyb
  1506 | D:2      | Killed Ijyb
  1506 | D:2      | Reached skill level 5 in Air Magic
  1506 | D:2      | Reached XP level 4. HP: 27/27 MP: 5/10
  1572 | D:2      | Found a white marble altar of Elyvilon.
  1643 | D:2      | Found a hazy altar of Hepliaklqana.
  1928 | D:3      | Found a faded altar of an unknown god.
  2245 | D:3      | Reached XP level 5. HP: 31/31 MP: 8/11
  3142 | D:4      | Reached XP level 6. HP: 36/36 MP: 8/13
  3290 | D:4      | Found a deep blue altar of Sif Muna.
  3552 | D:4      | Reached skill level 6 in Air Magic
  3785 | D:4      | Became a worshipper of Sif Muna the Loreminder
  3835 | D:5      | Entered Level 5 of the Dungeon
  3842 | D:5      | Noticed cba's ghost (novice OpAs)
  3894 | D:5      | Noticed Grinder
  3900 | D:5      | Killed from afar by Grinder

Skill      XL: |  1  2  3  4  5  6 |
---------------+-------------------+-----
Air Magic      | 4 5 6 |  6.0
Spellcasting   | 3 4 |  4.5
Conjurations   | 2 3 |  3.1
Dodging        | |  2.5
Stealth        | |  2.5

Action                   |  1- 3 |  4- 6 || total
-------------------------+-------+-------++-------
Melee: Unarmed           |    28 |     5 ||    33
 Cast: Shock             |   102 |   139 ||   241
       Repel Missiles    |       |     1 ||     1
  Eat: Bread ration      |     1 |       ||     1
       Pizza             |       |     1 ||     1
       Meat ration       |       |     1 ||     1
       Beef jerky        |       |     1 ||     1
Armor: Robe              |     5 |     6 ||    11
Dodge: Dodged            |    21 |    19 ||    40
